AoeStats
← Janto&Balio

Arabia

509450993Analyzed
1v1 RM · 7d ago on Sep 26, 2026· 34m 8s· 2 players
Game mode
Random Map
Map size
Tiny (2 player)
Population
200
Speed
Normal
Resources
Standard
Victory
Conquest
Starting age
Dark Age
Ending age
Imperial Age
RankedLock teamsTeams togetherTeam positionsShared explorationLock speedFull tech treeHidden civsTurbo modeCheats
Victory
Defeat
🇦🇷 Byzantines · Argentina
1044
+17
🇧🇷 Slavs · Brazil
1062
-17
Janto&Balio
7:03 Loom
9:35 Feudal Age
10:20 Double-Bit Axe
15:36 Fletching
21:20 Castle Age
20:02 Gold Mining
21:09 Scale Barding Armor
21:25 Crossbowman
22:33 Bodkin Arrow
27:50 Forging
30:23 Wheelbarrow
31:39 Iron Casting
32:56 Chain Barding Armor
nathand
6:46 Loom
7:28 Loom
9:52 Feudal Age
10:50 Man-at-Arms
15:23 Double-Bit Axe
22:31 Castle Age
21:30 Gold Mining
21:31 Stone Mining
21:57 Fletching
22:09 Padded Archer Armor
22:21 Bloodlines
23:49 Leather Archer Armor
27:38 Horse Collar
30:29 Forging
33:52 Scale Barding Armor
Connection lost

Rejoining the realm…

Still unreachable

The connection could not be restored.

Session expired

The server has moved on; the page needs a fresh start.